 Dungeon Crawl Stone Soup version 0.21-a0-241-g2cbab09 (webtiles) character file.

2944 Atlas the Thaumaturge (level 9, -14/61 HPs)
             Began as a Purple Draconian Earth Elementalist on Sept 4, 2017.
             Was a Follower of Sif Muna.
             Demolished by a purple very ugly thing (29 damage)
             ... on level 4 of the Abyss.
             The game lasted 00:23:55 (8622 turns).

Atlas the Thaumaturge (DrEE)                        Turns: 8622, Time: 00:23:56

Health: -14/61     AC:  8    Str: 11    XL:     9   Next: 51%
Magic:  0/21       EV: 13    Int: 19    God:    Sif Muna [*.....]
Gold:   193        SH:  0    Dex:  9    Spells: 10/24 levels left

rFire    . . .     SeeInvis .   w - +3 dagger of Uskayaw {protect, Fragile rElec rC- Stlth+}
rCold    x . .     Gourm    .   (no shield)
rNeg     . . .     Faith    .   (armour unavailable)
rPois    .         Spirit   +   (helmet restricted)
rElec    +         Reflect  .   x - scarf {Spirit}
rCorr    .         Harm     .   K - +0 pair of gloves
MR       +....                  (no boots)
Stlth    +++.......             (no amulet)
HPRegen  0.20/turn              z - ring of stealth
MPRegen  0.17/turn              (no ring)

@: about to teleport, heavily drained
A: breathe power, unfitting armour, stinger 1, agile 1, blink, [clumsy 2],
[frail 2], robust 1, [screaming 2], [no potion heal 2], cold-blooded, AC +7
a: Breathe Dispelling Energy, Blink, Divine Energy, Renounce Religion


You were on level 4 of the Abyss.
You worshipped Sif Muna.
Sif Muna was aware of your devotion.
You were not hungry.

You visited 2 branches of the dungeon, and saw 9 of its levels.
You visited the Abyss 1 time.

You collected 468 gold pieces.
You spent 275 gold pieces at shops.

Inventory:

Hand Weapons
 w - the +3 dagger of Uskayaw (weapon) {protect, Fragile rElec rC- Stlth+}
   (You found it on level 4 of the Dungeon)

   It protects the one who uses it against injury (+AC on strike).
   It makes you vulnerable to cold.
   It insulates you from electricity.
   It will be destroyed if unequipped.
   It makes you more stealthy.
Missiles
 b - 185 stones (quivered)
Armour
 x - a scarf of spirit shield (worn)
 K - a +0 pair of gloves (worn)
Jewellery
 q - a cursed amulet of inaccuracy {unknown}
 z - a ring of stealth (left hand)
Wands
 t - a wand of random effects (34/48)
 v - a wand of paralysis (2/24)
 y - a wand of polymorph (8/24)
 B - a wand of flame (26/48)
 F - a wand of flame (40/48)
 G - a wand of scattershot (0/9)
Scrolls
 e - 6 scrolls of identify
 g - 3 scrolls of recharging
 k - 3 scrolls of magic mapping
 l - a scroll of fear {unknown}
 n - 2 scrolls of amnesia {unknown}
 p - a scroll of teleportation
 r - 3 scrolls of remove curse
 s - 2 scrolls of blinking {unknown}
 A - a scroll of random uselessness {unknown}
 H - 2 scrolls of noise {unknown}
 J - 2 scrolls of fog {unknown}
Potions
 a - a potion of magic
 i - 4 potions of agility
 j - a potion of flight
 m - a potion of brilliance {unknown}
 o - a potion of ambrosia
 u - 2 potions of curing
 D - a potion of resistance
 I - 2 potions of haste {unknown}
Books
 d - a book of Geomancy

   Spells                             Type                      Level
   a - Sandblast                      Earth                        1
   b - Passwall                       Transmutation/Earth          2
   c - Stone Arrow                    Conjuration/Earth            3
   d - Petrify                        Transmutation/Earth          4
   e - Lee's Rapid Deconstruction     Earth                        5
 E - a book of Conjurations

   Spells                             Type                      Level
   a - Magic Dart                     Conjuration                  1
   b - Searing Ray                    Conjuration                  2
   c - Dazzling Spray                 Conjuration/Hexes            3
   d - Fulminant Prism                Conjuration/Hexes            4
   e - Force Lance                    Conjuration/Translocation    4
   f - Iskenderun's Mystic Blast      Conjuration                  4
Comestibles
 c - 2 bread rations
 f - 9 fruits
 h - 2 meat rations
 C - a royal jelly


   Skills:
 + Level 2.5(1.2) Fighting
 + Level 4.2(2.7) Short Blades
 + Level 4.7(3.3) Dodging
 - Level 1.7(0.4) Stealth
 + Level 0.6(0.0) Unarmed Combat
 + Level 8.4(6.8) Spellcasting
 + Level 3.4(2.0) Conjurations
 + Level 1.0(0.0) Transmutations
 + Level 7.9(6.3) Earth Magic
 + Level 1.2(0.0) Evocations


You had 10 spell levels left.
You knew the following spells:

 Your Spells              Type           Power        Failure   Level  Hunger
a - Sandblast             Erth           ####..       1%          1    None
b - Passwall              Tmut/Erth      ###.......   4%          2    None
c - Stone Arrow           Conj/Erth      ###...       5%          3    #......
d - Lee's Rapid Deconstr  Erth           ####......   21%         5    #####..
e - Dazzling Spray        Conj/Hex       ##....       21%         3    #......


Dungeon Overview and Level Annotations

Branches:
Dungeon (8/15)             Temple (1/1) D:6
   Lair: D:8-11

Altars:
Cheibriados
Dithmenos
Gozag
Nemelex Xobeh
Okawaru
Ru
Sif Muna
Trog
Uskayaw
Vehumet
Wu Jian
The Shining One

Shops:
D:4 *   D:6 [   D:7 *   D:8 :

Annotations:
D:8 Psyche


Innate Abilities, Weirdness & Mutations

You can breathe bolts of dispelling energy.
Your rich purple scales are hard. (AC +7)
You cannot fit into any form of body armour.
You are cold-blooded and may be slowed by cold attacks.
Your tail ends in a poisonous barb.
You are agile. (Dex +2)
You can translocate small distances at will.
You are robust. (+10% HP)
[You are very clumsy. (Dex -4)]
[You are very frail. (-20% HP)]
[You sometimes yell uncontrollably at your foes.]
[Potions are poor at restoring your health.]


Message History

The tentacled starspawn closely misses you.
The tentacled starspawn engulfs you but does no damage.
The purple very ugly thing bites you!!
Unknown command.
Your system partially rejects the healing.
You feel better.
The purple very ugly thing closely misses you.
As you read the scroll of teleportation, it crumbles to dust.
You feel strangely unstable.
You feel the power of the Abyss delaying your translocation!
The purple very ugly thing bites you!
* * * LOW HITPOINT WARNING * * *
Unknown command.
The purple very ugly thing looks more healthy.
A large abomination comes into view.
The large abomination moves out of view.
An ancient zyme comes into view.
You feel yourself growing ill in the presence of the ancient zyme.
The purple very ugly thing bites you!!
You die...

# #####... . .
..##.#.#.#. .#.#
##....#.####....
........#... ..#
##.###X*#.# ###
. #..#.####.#
#*###X..##..
#.#u......#
##@#.##..#.#
#.##.##.# ...
...## .#..#..##
..#.x##.# ##
.... #. .##. ##
# #.


You could see a purple very ugly thing, a tentacled starspawn, a wretched star
and an ancient zyme (wandering).

Vanquished Creatures
  The ghost of faustus the Shield-Bearer, a novice DsFi of Qazlal (D:7)
  2 ice beasts (D:7)
  3 sky beasts
  3 orc warriors
  A phantom (D:7)
  A necrophage (D:7)
  4 ogres
  A centaur (D:7)
  A gnoll sergeant (D:6)
  2 bullfrogs (D:6)
  4 electric eels (D:5)
  A centaur zombie (D:6)
  2 crimson imps
  5 orc priests
  2 hounds
  A jelly (D:5)
  A gnoll shaman (D:4)
  A bullfrog skeleton (D:5)
  Crazy Yiuf (D:6)
  An iguana (D:7)
  An orc wizard (D:5)
  A worker ant (D:4)
  3 hound zombies
  8 gnolls
  7 adders
  2 shadow imps
  An adder zombie (D:5)
  An ooze (D:4)
  3 worms
  3 dart slugs
  6 leopard geckos
  22 orcs
  6 giant cockroaches
  6 goblins
  14 hobgoblins
  5 jackals
  8 quokkas
  2 ball pythons (D:4)
  8 bats
  7 frilled lizards
  A jackal skeleton (D:5)
  10 kobolds
  A quokka skeleton (D:4)
  A quokka zombie (D:7)
  11 rats
176 creatures vanquished.

Vanquished Creatures (others)
  2 starspawn tentacles (Abyss:3)
2 creatures vanquished.

Grand Total: 178 creatures vanquished

Notes
Turn   | Place    | Note
-------+----------+-------------------------------------------
     0 | D:1      | Atlas the Draconian Earth Elementalist began the quest for the Orb.
     0 | D:1      | Reached XP level 1. HP: 14/14 MP: 3/3
   285 | D:1      | Reached XP level 2. HP: 20/20 MP: 3/5
   748 | D:1      | Reached XP level 3. HP: 26/26 MP: 4/6
   933 | D:1      | You fall through a shaft!
  1166 | D:2      | Reached skill level 3 in Spellcasting
  1315 | D:2      | Reached XP level 4. HP: 33/33 MP: 6/8
  2520 | D:3      | Reached XP level 5. HP: 32/38 MP: 2/10
  2738 | D:4      | Got a scorched dagger
  2739 | D:4      | Identified the cursed +3 dagger of Uskayaw {protect, Fragile rElec rC- Stlth+} (You found it on level 4 of the Dungeon)
  3024 | D:4      | Found a sparkling altar of Nemelex Xobeh.
  3090 | D:4      | Noticed a phantom
  3102 | D:4      | Learned a level 2 spell: Passwall
  3106 | D:4      | Learned a level 3 spell: Stone Arrow
  3332 | D:4      | Learned a level 5 spell: Lee's Rapid Deconstruction
  3333 | D:4      | Reached skill level 5 in Earth Magic
  3365 | D:4      | Reached skill level 4 in Spellcasting
  3369 | D:4      | Reached XP level 6. HP: 41/45 MP: 1/12
  3550 | D:4      | Found Elopuaru's Assorted Antiques.
  3555 | D:4      | Bought a twisted glass wand for 96 gold pieces
  3555 | D:4      | Bought a scroll labeled SOAFIT VIGOA for 24 gold pieces
  3735 | D:5      | Entered Level 5 of the Dungeon
  3889 | D:5      | Reached skill level 1 in Short Blades
  3952 | D:5      | Found a transporter.
  4003 | D:5      | Reached skill level 1 in Fighting
  4003 | D:5      | Your scales start taking on a rich purple colour.
  4003 | D:5      | Reached skill level 5 in Spellcasting
  4003 | D:5      | Reached XP level 7. HP: 42/52 MP: 0/15
  4201 | D:5      | Found a transporter.
  4385 | D:5      | Found a hide-covered altar of Uskayaw.
  4421 | D:5      | Found an iron altar of Okawaru.
  4454 | D:5      | Found a shadowy altar of Dithmenos.
  4461 | D:5      | Found a glowing golden altar of the Shining One.
  4577 | D:5      | Learned a level 3 spell: Dazzling Spray
  4619 | D:5      | Reached skill level 1 in Conjurations
  4862 | D:5      | Reached skill level 6 in Spellcasting
  5267 | D:6      | Found a runed door.
  5355 | D:6      | Reached XP level 8. HP: 56/59 MP: 15/17
  5356 | D:6      | Found Zeynuon's Antique Armour Shoppe.
  5579 | D:6      | Found a staircase to the Ecumenical Temple.
  5629 | D:6      | Noticed a moth of wrath
  5633 | D:6      | Found a bloodstained altar of Trog.
  5693 | Temple   | Entered the Ecumenical Temple
  5726 | Temple   | Became a worshipper of Sif Muna the Loreminder
  5869 | D:6      | Gained mutation: You are agile. (Dex +2) [mutagenic meat]
  5870 | D:6      | Gained mutation: You can translocate small distances at will. [mutagenic meat]
  5871 | D:6      | Gained mutation: You are robust. (+10% HP) [mutagenic meat]
  5872 | D:6      | Gained mutation: Your tail ends in a poisonous barb. [mutagenic meat]
  6142 | D:6      | Noticed Crazy Yiuf
  6144 | D:6      | Killed Crazy Yiuf
  6173 | D:7      | Reached skill level 7 in Spellcasting
  6442 | D:7      | Noticed faustus's ghost (novice DsFi)
  7080 | D:7      | Reached * piety under Sif Muna
  7080 | D:7      | Reached XP level 9. HP: 72/73 MP: 2/20
  7532 | D:7      | Found Puzumm's Assorted Antiques.
  7580 | D:7      | Killed faustus's ghost
  7580 | D:7      | Reached skill level 8 in Spellcasting
  7743 | D:7      | Bought a shimmering golden amulet for 155 gold pieces
  7843 | D:7      | Identified the amulet of Jorhicwi {Harm *Drain rF- rN++ Dex+5} (You bought it in a shop on level 7 of the Dungeon)
  7865 | D:7      | Reached skill level 1 in Evocations
  8079 | D:8      | Noticed Psyche
  8080 | D:8      | Found Todgh's Book Shop.
  8086 | D:8      | Cast into level 1 of the Abyss (Psyche)
  8090 | Abyss:1  | Noticed a death drake
  8093 | Abyss:1  | Found a corrupted altar of Lugonu.
  8222 | Abyss:1  | Noticed a wretched star
  8243 | Abyss:2  | Noticed an ophan
  8253 | Abyss:2  | Noticed a large abomination
  8265 | Abyss:2  | Noticed an ancient zyme
  8380 | Abyss:3  | Noticed a worldbinder
  8384 | Abyss:3  | Noticed a jumping spider
  8398 | Abyss:3  | Found a corrupted altar of Lugonu.
  8438 | Abyss:3  | Noticed a tentacled starspawn
  8496 | Abyss:4  | Found a corrupted altar of Lugonu.
  8534 | Abyss:4  | Noticed a thrashing horror
  8541 | Abyss:4  | Noticed a tentacled starspawn
  8561 | Abyss:4  | Noticed an ancient zyme
  8564 | Abyss:4  | Noticed a large abomination
  8577 | Abyss:4  | Noticed a tentacled starspawn
  8586 | Abyss:4  | Noticed a tentacled starspawn
  8588 | Abyss:4  | Noticed a purple very ugly thing
  8592 | Abyss:4  | Noticed a thrashing horror
  8598 | Abyss:4  | Noticed a wretched star
  8606 | Abyss:4  | Noticed a tentacled starspawn
  8607 | Abyss:4  | Noticed a wretched star
  8622 | Abyss:4  | Noticed an ancient zyme
  8622 | Abyss:4  | Demolished by a purple very ugly thing

Vault maps used:
D:1:      scummos_arrival_forest
D:2:      minmay_kobold_bridge
D:4:      nemelex_xobeh_ov_fountains_minmay, serial_shops, shop, first_bread,
          grunt_ministairs_15
D:5:      gammafunk_steamed_eel, nicolae_overflow_quartered_altars
D:6:      tgw_trog, minmay_temple_entry_hall, serial_shops, shop_statue,
          uniq_crazy_yiuf_cottage
D:7:      serial_shops, nicolae_shop_behind_doors
D:8:      cheibrodos_steamvent, serial_shops, shop, uniq_psyche, uniq_joseph
Temple:   bh_familiar_temple
Abyss:3:  evilmike_abyss_exit_vortex, minivault_1,
          evilmike_abyss_rune_siren_acolytes, evilmike_abyss_exit_mutagenic
Abyss:4:  serial_sigils_hangedman_snap, hangedman_grunt_abyss_rune_horror_hoard

Skill      XL: |  1  2  3  4  5  6  7  8  9 |
---------------+----------------------------+-----
Spellcasting   | 3 4 5 6 7 8 |  8.4
Earth Magic    | 4 5 6 7 |  7.9
Dodging        | 2 3 4 |  4.7
Short Blades   | 1 2 3 4 |  4.2
Fighting       | 1 2 |  2.5
Conjurations   | 1 2 3 |  3.4
Evocations     | 1 |  1.2
Stealth        | |  1.7
Unarmed Combat | |  0.6
Transmutations | |  1.0

Action                   |  1- 3 |  4- 6 |  7- 9 || total
-------------------------+-------+-------+-------++-------
Melee: Unarmed           |    25 |    16 |       ||    41
       Tailslap          |       |    10 |    24 ||    34
       Dagger            |       |    73 |   256 ||   329
       Punch             |       |       |     1 ||     1
 Cast: Sandblast         |    54 |    67 |    29 ||   150
       Stone Arrow       |       |    14 |    83 ||    97
       Lee's Rapid Decon |       |       |     4 ||     4
 Abil: Breathe Dispellin |       |       |     3 ||     3
Evoke: Wand              |       |       |     4 ||     4
  Use: Scroll            |       |       |    13 ||    13
       Potion            |       |       |     6 ||     6
 Stab: Sleeping          |       |     5 |     6 ||    11
  Eat: Chunk             |     2 |     9 |    15 ||    26
       Bread ration      |       |       |     2 ||     2
Armor: Skin              |    15 |    34 |   107 ||   156
Dodge: Dodged            |    36 |    85 |   198 ||   319

Table legend:
 A = Spawn XP
 B = Non-spawn XP
 C = Spawn XP percentage of total XP
 D = Spawn monster count
 E = Non-spawn monster count
 F = Spawn count percentage of total count
 G = Total turns spent on level
                    A         B        C        D         E        F      G
               +---------+---------+-------+---------+---------+-------+---------
         Total |     404 |    3802 |   9.6 |      19 |     157 |  10.8 |  8622
               +---------+---------+-------+---------+---------+-------+---------
           D:1 |      14 |      34 |  29.2 |       8 |      20 |  28.6 |  1179
           D:2 |       2 |     101 |   1.9 |       2 |      30 |   6.2 |   937
           D:3 |       2 |      43 |   4.4 |       1 |      14 |   6.7 |   590
           D:4 |       3 |     190 |   1.6 |       2 |      15 |  11.8 |  1029
           D:5 |     162 |     572 |  22.1 |       4 |      25 |  13.8 |  1229
           D:6 |     113 |     835 |  11.9 |       1 |      25 |   3.8 |  1699
           D:7 |     108 |    2027 |   5.1 |       1 |      28 |   3.4 |  1352
               +---------+---------+-------+---------+---------+-------+---------
